 Seeded DCSS version 0.30-a0-1164-ge08a677 (webtiles) character file.

Game seed: 2022344674040805297 (custom seed)

15938 Geeful the Covert (level 12, -5/65 HPs)
             Began as a Vine Stalker Cinder Acolyte on Apr 28, 2023.
             Was a Priest of Ignis.
             Slain by a troll (10 damage)
             ... led by an orc warlord
             ... on level 9 of the Dungeon on Apr 29, 2023.
             The game lasted 00:55:37 (10744 turns).

Geeful the Covert (Vine Stalker Cinder Acolyte)    Turns: 10744, Time: 00:55:37

Health: -5/65      AC:  8    Str: 18    XL:     12   Next: 32%
Magic:  0/15       EV: 14    Int: 14    God:    Ignis [***...]
Gold:   283        SH:  5    Dex: 14    Spells: 14/14 levels left

rFire   + . .        t - +3 dagger (elec)
rCold   + . .        m - +0 buckler
rNeg    . . .        a - +0 steam dragon scales
rPois   .            (no helmet)
rElec   .            (no cloak)
rCorr   .            k - +1 pair of gloves
SInv    .            (no boots)
Will    ++...        (no amulet)
Stlth   +++++        g - ring of protection from cold
HPRegen 1.10/turn    F - ring of willpower
MPRegen 0.14/turn

%: guardian spirit
@: mighty
A: fangs 3, regeneration 1, magic shield, antimagic bite, no potion heal 2,
sense surroundings 1, MP-powered wands
a: Renounce Religion, Fiery Armour, Foxfire Swarm, Rising Flame


You were on level 9 of the Dungeon.
You worshipped Ignis.
Ignis was most pleased with you.
You visited 2 branches of the dungeon, and saw 12 of its levels.
You also visited: Ossuary.

You collected 741 gold pieces.
You spent 458 gold pieces at shops.

Inventory:

Hand Weapons
 l - a +3 dagger of flaming
 t - a +3 dagger of electrocution (weapon)
 y - a +2 dagger of holy wrath
Missiles
 c - 7 curare-tipped darts (quivered)
 r - 18 poisoned darts
 w - a throwing net
Armour
 a - +0 steam dragon scales (worn)
 k - a +1 pair of gloves (worn)
 m - a +0 buckler (worn)
 x - a +0 kite shield
Jewellery
 d - a ring of ice
 g - a ring of protection from cold (left hand)
 s - a ring of ice
 C - a ring of wizardry
 F - a ring of willpower (right hand)
 M - a ring of positive energy
Wands
 h - a wand of light (2)
 v - a wand of flame (11)
 I - a wand of roots (16)
Scrolls
 b - 6 scrolls of identify
 e - a scroll of enchant weapon
 p - 8 scrolls of teleportation
 z - 2 scrolls of poison
 A - a scroll of immolation
 B - 2 scrolls of summoning
 E - a scroll of silence
 G - a scroll of enchant armour
 J - 2 scrolls of fear
 K - a scroll of fog
 L - a scroll of magic mapping
Potions
 f - 4 potions of might
 i - a potion of berserk rage
 j - 2 potions of cancellation
 n - 4 potions of attraction
 o - a potion of haste
 q - 3 potions of ambrosia
 u - a potion of curing
 D - a potion of resistance
 H - a potion of lignification


   Skills:
 + Level 8.9 Fighting
 + Level 8.9 Short Blades
 + Level 6.3 Armour
 + Level 6.4 Dodging
 + Level 11.6 Stealth
 - Level 4.2 Shields
 - Level 1.6 Spellcasting
 - Level 3.2 Fire Magic


You had 14 spell levels left.
You didn't know any spells.
Your spell library contained the following spells:

 Spells                   Type           Power      Damage    Failure   Level
 Scorch                   Fire           20%        2d5       12%         2
 Magic Dart               Conj           4%         1d3       30%         1
 Call Imp                 Summ           2%         N/A       43%         2
 Ensorcelled Hibernation  Hex/Ice        2%         N/A       43%         2
 Passwall                 Tmut/Erth      0%         N/A       43%         2
 Call Canine Familiar     Summ           1%         N/A       67%         3
 Mephitic Cloud           Conj/Pois/Air  1%         N/A       67%         3
 Portal Projectile        Hex/Tloc       2%         N/A       67%         3
 Swiftness                Air            1%         N/A       67%         3
 Leda's Liquefaction      Hex/Erth       0%         N/A       97%         4
 Summon Lightning Spire   Summ/Air       1%         N/A       97%         4
 Storm Form               Tmut/Air       0%         N/A       100%        7
 Maxwell's Capacitive Co  Air            0%         ∞         100%        8


Dungeon Overview and Level Annotations

Branches:
Dungeon (11/15)            Temple (0/1) D:7            Lair (0/5) D:11
    Orc (1/2) D:9         Ossuary (visited)

Altars:
Cheibriados
Fedhas
Hepliaklqana
Kikubaaqudgha
Makhleb
Okawaru
Ru
Uskayaw
Wu Jian
Xom
Yredelemnul
Zin
The Shining One

Shops:
D:2 (   D:6 ?!   D:8 [[   D:10 !=!*


Innate Abilities, Weirdness & Mutations

You have razor-sharp teeth.
Your natural rate of healing is unusually fast.
When hurt, damage is shared between your health and your magic reserves.
Your bite disrupts and absorbs the magic of your enemies.
Potions cannot restore your health.
You passively map a small area around you.
You expend magic power (3 MP) to strengthen your wands.


Message History

The orc warlord completely misses you.
There is a staircase back to the Dungeon, spattered with blood here.
The troll bites you. The troll claws you. You block the troll's attack.
The orc warlord roars a battlecry!
The orc goes into a battle-frenzy!
You climb upwards.
Welcome back to the Dungeon!
There is a staircase to the Orcish Mines, spattered with blood here.
You see here a +0 dagger.
Aiming: Bolt of Light
Press: ? - help, Shift-Dir - straight line, f - orc warlord
Aim: an orc warlord, wielding a +0 great sword and wearing a +0 plate armour (83% to hit)
The bolt of light hits the orc warlord!
The orc warlord is lightly wounded.
The orc warlord is blinded.
The troll bites you.
* * * LOW HITPOINT WARNING * * *
You block the troll's attack. The troll completely misses you.
You catch the helpless orc warlord completely off-guard!
You impale the orc warlord!!
Lightning courses through the orc warlord!
The orc warlord is heavily wounded.
You puncture the orc warlord!
You bite the orc warlord, but do no damage.
The orc warlord is heavily wounded.
The troll misses you. You block the troll's attack.
The troll barely misses you.
The orc warlord hits you with a +0 great sword.
* * * LOW HITPOINT WARNING * * *
You hit the orc warlord. Your bite misses the orc warlord.
The orc warlord is heavily wounded.
You catch the helpless orc warlord completely off-guard!
You impale the orc warlord!!
The orc warlord is almost dead.
The troll barely misses you. The troll claws you!
* * * LOW HITPOINT WARNING * * *
The troll closely misses you. The orc warlord barely misses you.
You catch the helpless orc warlord completely off-guard!
You impale the orc warlord!!
You kill the orc warlord!
The troll bites you!
You die...

.....#...#.# #.#....#.........#
..<..#"..#.# #.#....#.........#
.....#...#.###.#....#.....###.#
.....#####.....######.........#
####.....############.........#
...#...#.#..........#.....##..#
...#...#.#..........#.....##>.#
...#...#.#.....[)T..#.....##..#
...#...#.#.....)@)..#.....##..#
...#...#.'.....[))..#.........#
...#...#.#..........#.........#
...#...#.#..........#.........#
####.....#...##.....#.........#
##########...##.....#.........#
....#...............#.........#
....#.......).......#.......(.#
....+......[[.......#......)..#


You could see a troll.

Vanquished Creatures
  An orc warlord (D:9)
  Snorg (D:11)
  2 two-headed ogres
  A boulder beetle (D:11)
  Sonja (D:11)
  An orc knight (Orc:1)
  2 cyclopes (D:11)
  A manticore (D:9)
  5 kobold demonologists
  3 komodo dragons (D:11)
  A troll (D:10)
  A hornet (D:11)
  Grinder (D:6)
  Prince Ribbit (D:5)
  A wyvern (D:11)
  5 yaks
  A shadow (D:9)
  A vampire (D:9)
  A wraith (D:11)
  A human (D:11)
  3 hogs (D:11)
  A basilisk (D:11)
  7 vampire mosquitoes
  4 steam dragons
  A warg (D:9)
  A water moccasin (D:8)
  2 ice beasts
  8 orc warriors
  4 black bears
  3 ogres
  4 centaurs
  2 phantoms
  2 kobold brigands (D:8)
  An elf zombie (Ossuary)
  A bullfrog (D:8)
  A scorpion (D:6)
  A gnoll sergeant (D:10)
  15 wights
  11 killer bees
  A howler monkey (D:10)
  A hound (D:6)
  2 jellies
  8 orc priests
  A quasit (D:5)
  2 gnoll boudas
  4 iguanas
  10 orc wizards
  4 mummies (Ossuary)
  18 gnolls
  12 adders
  A white imp (D:5)
  An adder zombie (Ossuary)
  A worm (D:3)
  The ghost of antasco the Shooter, a weakling BaHu (D:3)
  3 dart slugs
  39 orcs
  4 bats
  4 endoplasms
  3 giant cockroaches
  9 goblins
  9 hobgoblins
  9 jackals
  26 kobolds
  6 quokkas
  9 ball pythons
  6 frilled lizards
  2 goblin zombies (Ossuary)
  6 jackal zombies (Ossuary)
  A kobold zombie (Ossuary)
  5 rats
  A rat zombie (Ossuary)
313 creatures vanquished.

Vanquished Creatures (collateral kills)
  A wraith (D:11)
  An orc warrior (D:11)
  A kobold brigand (D:11)
  2 kobolds (D:11)
5 creatures vanquished.

Vanquished Creatures (others)
  A vampire mosquito (D:11)
  An orc (Orc:1)
  2 demonic plants (D:5)
4 creatures vanquished.

Grand Total: 322 creatures vanquished

Notes
Turn   | Place    | Note
-------+----------+-------------------------------------------
     0 | D:1      | Geeful the Vine Stalker Cinder Acolyte began the quest for
                  | the Orb.
     0 | D:1      | Reached XP level 1. HP: 11/11 MP: 3/3
    86 | D:1      | Reached XP level 2. HP: 16/16 MP: 5/5
   521 | D:1      | Reached XP level 3. HP: 20/20 MP: 6/6
  1016 | D:2      | Reached skill level 1 in Stealth
  1019 | D:2      | Found Rixtocs's Weapon Shoppe.
  1171 | D:2      | Gained mutation: Your natural rate of healing is unusually
                  | fast. [Vine Stalker growth]
  1171 | D:2      | Reached XP level 4. HP: 24/24 MP: 7/7
  1258 | D:2      | Found a hazy altar of Hepliaklqana.
  1464 | D:3      | Reached skill level 1 in Shields
  1655 | D:3      | Reached XP level 5. HP: 20/28 MP: 5/8
  1727 | D:3      | Found a runed translucent gate.
  1727 | D:3      | Found a runed translucent gate.
  1728 | D:3      | Found a runed translucent gate.
  1728 | D:3      | Noticed antasco's ghost (weakling BaHu)
  1742 | D:3      | Killed antasco's ghost
  1774 | D:3      | Found a glowing golden altar of the Shining One.
  1974 | D:4      | Reached skill level 2 in Stealth
  1977 | D:4      | Found a sand-covered staircase.
  1982 | Ossuary  | Entered an ossuary
  2250 | Ossuary  | Reached XP level 6. HP: 33/33 MP: 9/9
  2363 | D:4      | Reached skill level 3 in Stealth
  2447 | D:4      | Noticed a black bear
  2482 | D:4      | Killed a black bear
  2529 | D:4      | Reached XP level 7. HP: 29/37 MP: 8/10
  2642 | D:4      | Reached skill level 4 in Stealth
  2657 | D:4      | Found Hooriec's Assorted Antiques.
  3165 | D:5      | Entered Level 5 of the Dungeon
  3268 | D:5      | Found an ornate altar of the Wu Jian Council.
  3455 | D:5      | Reached skill level 5 in Stealth
  3455 | D:5      | Gained mutation: You have razor-sharp teeth. [Vine Stalker
                  | growth]
  3455 | D:5      | Reached XP level 8. HP: 37/42 MP: 8/11
  3816 | D:5      | Reached skill level 5 in Fighting
  3816 | D:5      | Reached skill level 5 in Short Blades
  4036 | D:5      | Noticed Prince Ribbit
  4043 | D:5      | Killed Prince Ribbit
  4044 | D:5      | Reached skill level 6 in Stealth
  4135 | D:6      | Found Piaplaewk's Magic Scroll Shoppe.
  4138 | D:6      | Bought a scroll of identify for 22 gold pieces
  4138 | D:6      | Bought a scroll of identify for 22 gold pieces
  4138 | D:6      | Bought a scroll of identify for 22 gold pieces
  4138 | D:6      | Bought a scroll of enchant weapon for 82 gold pieces
  4148 | D:6      | Upgraded the game from 0.30-a0-1163-gf69bf04 to
                  | 0.30-a0-1164-ge08a677
  4207 | D:6      | Reached skill level 1 in Armour
  4207 | D:6      | Reached skill level 1 in Dodging
  4467 | D:6      | Reached XP level 9. HP: 47/47 MP: 12/12
  4479 | D:6      | Noticed Grinder
  4511 | D:6      | Killed Grinder
  4628 | D:6      | Reached skill level 7 in Stealth
  4778 | D:6      | Found Jatroinn's Distillery.
  4796 | D:6      | Bought a potion of degeneration for 14 gold pieces
  5206 | D:7      | Noticed a two-headed ogre
  5426 | D:7      | Found a burning altar of Makhleb.
  5475 | D:7      | Found a staircase to the Ecumenical Temple.
  5548 | D:7      | Found a blossoming altar of Fedhas.
  5657 | D:7      | Noticed a +0 dagger
  5658 | D:7      | Noticed a +0 dagger
  5666 | D:7      | Found a hide-covered altar of Uskayaw.
  5961 | D:7      | Killed a two-headed ogre
  5962 | D:7      | Reached skill level 8 in Stealth
  5962 | D:7      | Reached XP level 10. HP: 38/53 MP: 8/13
  6142 | D:8      | Found Guumutas's Armour Shoppe.
  6197 | D:8      | Found a sacrificial altar of Ru.
  6323 | D:8      | Found Cheibriados's Comfort Zone.
  6325 | D:8      | Found a snail-covered altar of Cheibriados.
  6395 | D:8      | Found an ancient bone altar of Kikubaaqudgha.
  6849 | D:9      | Noticed a two-headed ogre
  6871 | D:9      | Killed a two-headed ogre
  6872 | D:9      | Reached skill level 9 in Stealth
  6974 | D:9      | Noticed a manticore
  7433 | D:9      | Reached XP level 11. HP: 58/58 MP: 14/14
  7484 | D:9      | Found a staircase to the Orcish Mines.
  7802 | D:9      | Found an iron altar of Okawaru.
  7864 | D:9      | Killed a manticore
  7936 | D:10     | Entered Level 10 of the Dungeon
  7962 | D:10     | Reached skill level 5 in Dodging
  7993 | D:10     | Found a glowing silver altar of Zin.
  8005 | D:10     | Reached skill level 10 in Stealth
  8058 | D:10     | Found Miquticze's Distillery.
  8066 | D:10     | Bought a potion of mutation for 128 gold pieces
  8066 | D:10     | Bought a potion of might for 64 gold pieces
  8066 | D:10     | Gained mutation: You have hidden genetic defects. [potion
                  | of mutation]
  8067 | D:10     | Lost mutation: You have hidden genetic defects. [potion of
                  | mutation]
  8067 | D:10     | Gained mutation: Your muscles are strong. (Str +4, Int/Dex
                  | -1) [potion of mutation]
  8067 | D:10     | Gained mutation: You are occasionally teleported next to
                  | monsters. [potion of mutation]
  8067 | D:10     | Lost mutation: Your muscles are strong. (Str +4, Int/Dex
                  | -1) [potion of mutation]
  8068 | D:10     | Lost mutation: You are occasionally teleported next to
                  | monsters. [potion of mutation]
  8068 | D:10     | Gained mutation: You passively map a small area around you.
                  | [potion of mutation]
  8068 | D:10     | Gained mutation: You expend magic power (3 MP) to
                  | strengthen your wands. [potion of mutation]
  8124 | D:10     | Reached skill level 5 in Armour
  8344 | D:10     | Found Asuz's Distillery.
  8383 | D:10     | Bought a potion of invisibility for 104 gold pieces
  8399 | D:10     | Found Ontuax's Assorted Antiques.
  8582 | D:10     | Found Zoikhleimm's Jewellery Boutique.
  8704 | D:10     | Found a shimmering altar of Xom.
  8704 | D:10     | Found a basalt altar of Yredelemnul.
  8988 | D:11     | Found a burning altar of Makhleb.
  9334 | D:11     | Noticed a cyclops
  9340 | D:11     | Killed a cyclops
  9342 | D:11     | Noticed a cyclops
  9344 | D:11     | Noticed a boulder beetle
  9554 | D:11     | Noticed Snorg
  9565 | D:11     | Noticed Sonja
  9571 | D:11     | Killed Snorg
  9572 | D:11     | Reached skill level 11 in Stealth
  9579 | D:11     | Killed Sonja
  9742 | D:11     | Reached XP level 12. HP: 20/65 MP: 7/15
  9750 | D:11     | HP: 3/65 [komodo dragon (16)]
  9993 | D:11     | Found a staircase to the Lair.
 10166 | D:11     | Killed a boulder beetle
 10414 | Orc:1    | Entered Level 1 of the Orcish Mines
 10451 | Orc:1    | Noticed an orc warlord
 10744 | D:9      | Killed an orc warlord
 10744 | D:9      | Slain by a troll

Illustrated notes

Levels and vault maps discovered:
D:1:      minmay_arrival_radiant_lines, layout_loops_cross, serial_aquarium,
          aquarium_bridge_straight [aquarium_subvault_bridge,
          aquarium_subvault_window, aquarium_subvault_bridge,
          aquarium_subvault_window], aquarium_window_2, aquarium_window_fake,
          aquarium_window_fake, aquarium_view_2e, aquarium_pool_2,
          minmay_tetromino_o2
D:2:      layout_basic, basic_altar, serial_shops, shop, minmay_fountain_box
D:3:      layout_rooms, mainiacjoe_overflow_concentric_impassable,
          ebering_ghost_rock_garden, nrook_uturn, kennysheep_generic_room_13
D:4:      layout_gridville, serial_shops, shop, enter_ossuary_2,
          minmay_fractal_squares_diagonal_5
D:5:      layout_basic, mainiacjoe_overflow_chevrons, serial_demonic,
          serial_demonic_a, serial_demonic_c, serial_demonic_e,
          serial_demonic_b, uniq_prince_ribbit1
D:6:      layout_loops_corners, serial_shops, shop, shop,
          minmay_misc_feat_columns, uniq_grinder
D:7:      layout_loops_cross, nicolae_overflow_hidden_temple,
          dancing_weapons_uskayaw, mainiacjoe_overflow_alcove_1,
          minmay_temple_entry_gardened_gates
D:8:      layout_rooms, mainiacjoe_overflow_large_starburst, serial_shops, shop,
          grunt_ministairs_4, minmay_shop_chei, dk_noncrumbling_4
D:9:      layout_stronghold, hellmonk_okawaru_the_only_friend_you_need,
          orc_0_dummy
D:10:     layout_basic, gammafunk_temple_overflow_statue,
          mainiacjoe_overflow_six_doors_small, serial_shops,
          nicolae_square_shop, nicolae_shop_stone, nicolae_shop_trees, shop,
          palyth_stone_intersect, minivault_21
D:11:     layout_cave_pools, erik_lair_dragon, minmay_misc_feat_rugged,
          st_stairs_13, grunt_livestock, bloody_makhleb, uniq_snorg, uniq_sonja
Orc:1:    gammafunk_beogh_shrine, layout_caves, serial_shops,
          nicolae_shop_tiny_real_fake_doors, nicolae_shop_clearance, uniq_fannar

Skill      XL: |  1  2  3  4  5  6  7  8  9 10 11 |
---------------+----------------------------------+-----
Fighting       | 3 4 5 6 7 8 |  8.9
Short Blades   | 3 4 5 6 7 8 |  8.9
Stealth        | 1 2 3 5 6 8 9 11 | 11.6
Shields        | 1 2 3 4 |  4.2
Armour         | 1 3 4 6 |  6.3
Dodging        | 1 3 4 6 |  6.4
Spellcasting   | |  1.6
Fire Magic     | |  3.2

Action                     |  1- 3 |  4- 6 |  7- 9 | 10-12 || total
---------------------------+-------+-------+-------+-------++-------
  Melee: Short sword       |    61 |       |       |       ||    61
         Bite              |    22 |    53 |    83 |   211 ||   369
         Dagger            |    27 |   180 |   277 |   553 ||  1037
         Punch             |       |     2 |     2 |       ||     4
  Throw: Dart              |       |       |     7 |    16 ||    23
 Invoke: Fiery Armour      |     1 |     3 |     1 |       ||     5
  Evoke: Wand              |       |       |     8 |    21 ||    29
    Use: Scroll            |       |    11 |    13 |    10 ||    34
         Potion            |       |       |       |    12 ||    12
   Stab: Sleeping          |     2 |     5 |     5 |    11 ||    23
         Invisible         |       |       |       |    12 ||    12
         Distracted        |       |       |       |     2 ||     2
 Armour: Robe              |    18 |    46 |    25 |       ||    89
         Ring mail         |       |       |    25 |       ||    25
         Scale mail        |       |       |       |    55 ||    55
         Steam dragon scal |       |       |       |    87 ||    87
  Dodge: Dodged            |    50 |    82 |    92 |   302 ||   526
  Block: Buckler           |       |       |    24 |   132 ||   156

Table legend: (Time is in decaauts)
 A = Elapsed time spent in this place.
 B = Non-inter-level travel time spent in this place.
 C = Inter-level travel time spent in this place.
 D = Time resting spent in this place.
 E = Time spent auto-exploring this place.
 F = Levels seen in this place.
 G = Mean time per level.
                   A        B        C        D        E       F      G
               +--------+--------+--------+--------+--------+-----+--------+
         Total |  10427 |   9975 |    452 |    759 |   5993 |  13 |  802.1 |
       Dungeon |  10100 |   9649 |    451 |    719 |   5993 |  11 |  918.2 |
  Orcish Mines |     29 |     29 |      0 |      0 |      0 |   1 |   29.0 |
       Ossuary |    297 |    297 |      0 |     40 |      0 |   1 |  297.0 |
               +--------+--------+--------+--------+--------+-----+--------+

Top non-repeatable levels by time:
     D:9: 1382 daAuts
    D:11: 1311 daAuts
     D:6: 1078 daAuts
    D:10: 1029 daAuts
     D:5: 956 daAuts
     D:4: 908 daAuts
     D:7: 859 daAuts
     D:1: 779 daAuts
     D:8: 664 daAuts
     D:2: 609 daAuts
     D:3: 519 daAuts
 Ossuary: 297 daAuts
   Orc:1: 29 daAuts
